Map: [ESL] Hardwire

Players

Maru

  • Race: Terran Terran

Zoun - Winner!

  • Race: Protoss Protoss

Event: IEM Katowice 2022

VOD

Have the link to the VOD?

Description

Time

  • Played on: Feb. 25, 2022, 4:28 p.m.
  • Length: 23:41

All games in this series

Show
View Real Time Build Order
Export as new Build Order

Maru Terran 

Build Orders:  

Get SALT Encoding   

  12  0:00  SCV  
  13  0:12  SCV  
  14  0:18  Supply Depot  
  14  0:24  SCV  
  15  0:40  SCV, Barracks  
  16  0:46  Refinery  
  16  0:52  SCV  
  17  1:01  Barracks  
  17  1:05  SCV  
  17  1:11  Engineering Bay  
  18  1:17  SCV  
  19  1:32  SCV  
  20  1:41  Command Center  
  20  1:48  Marine  
  20  1:52  Orbital Command  
  21  2:04  Supply Depot  
  21  2:06  Barracks Reactor  
  21  2:15  Factory  
  21  2:18  SCV  
  22  2:25  Bunker  
  22  2:30  SCV  
  22  2:34  Refinery  
  23  2:42  SCV, Marine x2  
  26  2:54  SCV  
  26  2:55  Orbital Command  
  27  3:00  Factory Tech Lab, Marine  
  28  3:07  Starport  
  28  3:10  SCV  
  29  3:14  Marine  
  29  3:18  Marine  
  31  3:22  SCV  
  31  3:23  SCV  
  31  3:24  Cyclone  
  36  3:34  SCV  
  37  3:35  Supply Depot, SCV, Marine  
  37  3:37  Marine  
  40  3:46  SCV  
  41  3:51  SCV  
  41  3:55  Barracks  
  42  3:58  SCV  
  42  4:02  Supply Depot, Raven  
  45  4:03  Marine x2  
  45  4:06  SCV  
  48  4:10  SCV  
  48  4:15  Factory Tech Lab  
  49  4:17  Barracks  
  49  4:18  SCV  
  49  4:19  Engineering Bay  
  49  4:22  SCV  
  49  4:23  Refinery  
  51  4:25  Marine x2  
  51  4:30  SCV  
  54  4:33  Supply Depot  
  54  4:34  SCV  
  55  4:42  SCV  
  55  4:44  Terran Infantry Weapons Level 1  
  56  4:46  SCV  
  56  4:48  Marine x2  
  56  4:52  Marauder, Stimpack  
  61  4:57  Supply Depot  
  61  4:58  Factory Reactor  
  61  5:00  Starport Reactor  
  61  5:03  SCV x2  
  63  5:11  Combat Shield  
  63  5:12  Marine x2  
  66  5:15  SCV  
  66  5:16  Marauder  
  66  5:17  Marauder  
  66  5:21  Supply Depot x2  
  70  5:23  SCV  
  70  5:27  Refinery  
  71  5:34  SCV  
  71  5:35  SCV  
  73  5:36  Medivac  
  73  5:42  Marauder x2  
  78  5:49  Widow Mine x2  
  83  5:52  Supply Depot  
  83  5:53  Marine x2  
  83  6:00  Medivac  
  83  6:03  Marauder x2  
  89  6:11  Marine x2  
  88  6:13  Widow Mine x2  
  88  6:16  Supply Depot, Command Center  
  88  6:18  Medivac  
  95  6:23  SCV x2  
  97  6:28  Marauder x2, Marine  
  97  6:30  Concussive Shells  
  102  6:35  Supply Depot  
  102  6:42  SCV x2  
  102  6:46  Barracks, Terran Infantry Armor Level 1  
  104  6:48  Marine x2  
  104  6:50  Marauder x2  
  104  6:52  Barracks  
  110  6:56  SCV  
  111  7:04  Widow Mine x2  
  115  7:10  Marine  
  115  7:11  Marauder  
  115  7:12  SCV  
  107  7:16  Medivac  
  107  7:17  SCV  
  98  7:24  SCV  
  98  7:26  Widow Mine x2  
  98  7:29  SCV, Medivac  
  101  7:30  Orbital Command  
  101  7:37  SCV  
  102  7:40  Missile Turret  
  102  7:41  Barracks Reactor, Barracks Tech Lab, SCV  
  103  7:46  Ghost Academy  
  103  7:49  SCV  
  103  7:51  Orbital Command  
  104  7:53  SCV, Medivac  
  104  7:54  Widow Mine x2  
  111  8:01  SCV  
  111  8:04  Marine x2, Marauder  
  111  8:05  SCV, Marauder x2  
  121  8:13  Supply Depot, SCV  
  121  8:16  SCV  
  121  8:17  SCV  
  124  8:21  Enhanced Shockwaves  
  124  8:25  SCV, Ghost x2  
  119  8:29  Ghost  
  119  8:30  Marine x3  
  119  8:32  SCV  
  125  8:34  Marine  
  125  8:40  SCV x2  
  128  8:42  Refinery  
  128  8:43  Supply Depot, Refinery  
  128  8:44  SCV  
  128  8:47  Armory  
  129  8:52  SCV  
  129  8:54  Ghost  
  127  8:55  Marine  
  127  8:56  Marine x3  
  127  9:00  SCV  
  127  9:01  SCV  
  133  9:03  Supply Depot x2, Ghost  
  133  9:04  SCV  
  136  9:13  Ghost  
  136  9:15  Supply Depot, Engineering Bay  
  138  9:23  Ghost, Marine x2  
  142  9:26  Supply Depot, Widow Mine x2  
  146  9:32  Marauder, Medivac  
  146  9:37  Command Center  
  150  9:43  SCV x2, Marauder  
  154  9:50  Viking  
  158  9:53  Widow Mine x2  
  160  10:00  Marine  
  160  10:01  Marine, Marauder x2  
  160  10:02  Viking  
  166  10:13  Terran Infantry Weapons Level 2  
  166  10:14  SCV x2  
  166  10:18  SCV  
  166  10:20  Viking  
  171  10:23  Terran Ship Weapons Level 1  
  171  10:24  Terran Infantry Armor Level 2  
  171  10:26  SCV x2  
  173  10:30  SCV  
  173  10:32  Missile Turret, Viking, Marine  
  173  10:33  Supply Depot, Marauder  
  179  10:38  SCV x2  
  181  10:44  Missile Turret  
  181  10:45  Missile Turret  
  181  10:50  Viking  
  181  10:56  Marauder x3  
  188  11:02  Viking  
  190  11:05  Missile Turret  
  190  11:08  Missile Turret  
  190  11:11  Personal Cloaking  
  186  11:20  Viking  
  179  11:32  Viking  
  169  11:34  SCV  
  169  11:35  Planetary Fortress  
  169  11:38  Marine  
  169  11:39  Marauder  
  169  11:45  Marine x3, Marauder  
  169  11:46  Marauder  
  174  11:47  SCV x3, Starport  
  174  11:50  Viking  
  177  11:59  SCV x2, Ghost  
  177  12:00  Marine  
  182  12:02  Medivac  
  182  12:03  Marine x2  
  182  12:05  Command Center  
  182  12:06  Ghost x2  
  190  12:08  Missile Turret  
  192  12:16  Widow Mine x2  
  192  12:20  Medivac  
  196  12:24  Sensor Tower  
  196  12:28  Ghost  
  198  12:32  Starport Reactor, Command Center  
  198  12:36  Terran Infantry Weapons Level 3  
  198  12:42  Missile Turret, Command Center  
  196  13:04  Medivac x2  
  195  13:19  Terran Infantry Armor Level 3  
  185  13:21  SCV  
  185  13:22  SCV  
  185  13:26  Terran Ship Weapons Level 2  
  185  13:27  Fusion Core  
  185  13:30  Marine  
  185  13:31  Marauder  
  185  13:33  Medivac  
  190  13:41  Refinery  
  190  13:42  Refinery  
  190  13:44  Missile Turret, Medivac  
  190  13:47  Orbital Command  
  190  13:57  Planetary Fortress  
  190  14:01  Command Center  
  190  14:03  Missile Turret  
  190  14:12  Orbital Command  
  190  14:20  Advanced Ballistics  
  190  14:24  Liberator  
  190  14:29  Barracks  
  190  14:30  Barracks  
  191  14:33  Barracks, Command Center  
  189  14:41  Liberator x2  
  193  14:54  Command Center  
  193  14:55  Missile Turret  
  193  14:58  Nuke  
  193  15:13  Neosteel Armor  
  193  15:15  Command Center  
  193  15:28  Liberator x3  
  199  15:35  Sensor Tower  
  199  15:38  Starport  
  199  15:39  Marine, Rapid Reignition System  
  199  15:40  Barracks Tech Lab x2  
  200  15:42  Orbital Command, Sensor Tower  
  200  15:43  Refinery  
  200  15:45  Refinery, Orbital Command  
  200  15:51  Command Center  
  200  15:56  Hi-Sec Auto Tracking  
  200  16:12  Orbital Command  
  200  16:16  Starport Reactor  
  200  16:21  Nuke  
  200  16:22  Terran Ship Weapons Level 3  
  181  16:40  Liberator x3  
  190  16:50  Viking  
  189  17:14  Liberator x2  
  189  17:15  Planetary Fortress  
  195  17:20  Viking  
  195  17:21  Orbital Command  
  197  17:23  Viking  
  197  17:26  Viking  
  199  17:30  Sensor Tower x2  
  199  17:33  Missile Turret  
  171  18:06  Ghost x4  
  171  18:07  Marine x2  
  181  18:18  Ghost, Marine  
  181  18:19  Orbital Command x2  
  171  18:23  Marine  
  171  18:24  Marine  
  172  18:35  SCV x2, Ghost, Marauder x2  
  172  18:36  Marauder  
  172  18:38  SCV x2  
  172  18:39  SCV x3  
  184  18:47  SCV x2, Marauder  
  188  18:51  Viking x2  
  192  18:59  Terran Vehicle And Ship Armor Level 1  
  189  19:12  Barracks Tech Lab  
  189  19:13  SCV x2  
  189  19:14  SCV x4  
  195  19:24  Command Center, Sensor Tower  
  193  19:33  Marine x3, Marauder x2  
  188  19:43  Marine, Marauder x2  
  188  19:45  Marine, Marauder  
  163  19:51  Marine x2, Liberator x2  
  168  19:55  Marauder x2  
  169  20:01  Orbital Command  
  169  20:02  Ghost  
  169  20:03  Orbital Command  
  169  20:07  Marine x2, Marauder x2  
  163  20:22  Ghost x3  
  154  20:35  Widow Mine x2  
  154  20:36  Marine  
  154  20:37  Marine, Marauder x3  
  154  20:39  SCV x2  
  164  20:45  Orbital Command  
  164  20:49  Marine  
  141  20:51  Marauder x2  
  141  20:52  Orbital Command  
  132  20:57  Marine x2  
  132  20:58  Marauder, Marine  
  132  21:02  Missile Turret  
  137  21:12  SCV x7  
  137  21:13  SCV  
  137  21:15  Widow Mine, Orbital Command  
  147  21:20  Marine x2  
  147  21:21  Marauder  
  147  21:24  SCV x2  
  151  21:28  Missile Turret  
  151  21:30  Marine x2  
  151  21:31  Marauder x2  
  157  21:49  Marine  
  157  21:50  Marine, Marauder x3  
  161  21:57  Marine x2, Liberator  
  161  21:58  Marine, Marauder x2  
  166  22:07  Marine x2  
  168  22:10  Widow Mine  
  168  22:11  Marine x2  
  168  22:12  Marauder  
  168  22:13  Widow Mine  
  168  22:15  Marine x2  
  173  22:16  Marauder  
  173  22:19  Marine, Marauder  
  180  22:25  Marine  
  178  22:43  Marine  
  178  22:44  Marauder  
  165  22:46  Marine, Marauder  
  165  22:50  Marine  
  165  22:51  Marauder x2, Marine  
  154  22:52  Marine, Marauder  
  121  23:01  Marine  
  121  23:03  Marine  
  121  23:05  Marauder  
  96  23:08  Marauder, Marine  
  96  23:09  Marine  
  96  23:10  Marauder  
  96  23:12  Marine, Marauder  
  105  23:13  Marauder  
  105  23:19  Marine  
  108  23:21  Marine  
Show
View Real Time Build Order
Export as new Build Order

Zoun Protoss - Winner!

Build Orders: 1 Gate Expand, Blink Stalkers, Zealot Archon 

Get SALT Encoding   

  12  0:00  Probe  
  13  0:12  Probe  
  14  0:17  Pylon  
  14  0:24  Probe (Chrono Boost)  
  15  0:36  Probe (Chrono Boost)  
  15  0:38  Gateway  
  16  0:44  Probe (Chrono Boost)  
  16  0:46  Assimilator  
  17  0:51  Probe  
  18  1:03  Probe  
  19  1:18  Probe  
  20  1:28  Nexus  
  20  1:38  Cybernetics Core  
  20  1:42  Probe  
  21  1:49  Pylon  
  21  1:54  Probe  
  21  2:00  Assimilator  
  22  2:06  Probe  
  23  2:11  Adept (Chrono Boost)  
  23  2:15  Warp Gate  
  25  2:18  Probe  
  26  2:23  Shield Battery  
  26  2:30  Probe  
  26  2:34  Twilight Council  
  27  2:40  Stalker  
  27  2:44  Probe (Chrono Boost)  
  30  2:48  Probe (Chrono Boost)  
  31  2:55  Probe (Chrono Boost)  
  31  2:57  Probe (Chrono Boost)  
  33  3:00  Probe (Chrono Boost)  
  33  3:02  Probe  
  35  3:11  Blink (Chrono Boost)  
  35  3:12  Gateway  
  35  3:14  Probe  
  35  3:19  Probe  
  37  3:25  Stalker  
  40  3:27  Probe  
  40  3:31  Probe  
  41  3:39  Probe  
  42  3:42  Pylon  
  42  3:43  Probe  
  42  3:46  Robotics Facility  
  43  3:51  Probe  
  44  3:56  Probe  
  45  4:06  Stalker x2  
  45  4:08  Probe  
  50  4:13  Nexus  
  50  4:15  Probe  
  51  4:19  Pylon  
  51  4:20  Probe  
  52  4:26  Gateway  
  52  4:28  Probe  
  53  4:32  Probe  
  54  4:40  Stalker, Probe  
  54  4:41  Pylon  
  54  4:43  Observer  
  54  4:44  Probe  
  59  4:45  Assimilator  
  59  4:52  Probe  
  60  4:56  Probe  
  60  4:59  Templar Archives  
  61  5:00  Pylon, Assimilator  
  61  5:04  Probe  
  62  5:10  Stalker, Gateway  
  62  5:13  Gateway  
  64  5:17  Stalker  
  64  5:18  Probe x2  
  68  5:21  Stalker  
  68  5:26  Probe, Psionic Storm  
  71  5:30  Probe x2  
  71  5:32  Observer  
  73  5:38  Probe  
  73  5:42  Probe  
  75  5:44  Charge (Chrono Boost)  
  75  5:50  Gateway  
  75  5:52  Stalker, Gateway, Observer  
  75  5:56  Probe x3  
  80  5:59  Pylon  
  80  6:00  Warp Prism (Chrono Boost)  
  82  6:06  Observer  
  82  6:11  High Templar  
  84  6:14  Observer  
  84  6:17  Pylon, Shield Battery  
  84  6:18  Pylon  
  84  6:19  High Templar  
  84  6:24  Gateway  
  84  6:25  Pylon, Zealot  
  86  6:26  Zealot x2  
  92  6:35  Forge  
  92  6:36  Pylon  
  90  6:44  Zealot x2  
  90  6:46  High Templar x2  
  98  6:47  Zealot  
  98  6:48  Zealot  
  98  6:50  Archon  
  102  7:00  Zealot  
  102  7:04  Immortal  
  104  7:08  Zealot x3  
  104  7:13  Zealot  
  102  7:19  Zealot  
  102  7:20  Zealot  
  96  7:25  Zealot x2  
  96  7:26  Probe x2  
  96  7:27  Assimilator  
  96  7:28  Assimilator  
  96  7:29  High Templar  
  96  7:33  High Templar, Archon  
  96  7:35  Probe  
  97  7:38  Probe  
  97  7:39  Zealot x3  
  97  7:40  Zealot  
  97  7:43  Probe  
  97  7:44  Immortal  
  111  7:45  Pylon  
  111  7:47  Probe  
  111  7:50  Sentry  
  114  7:54  Photon Cannon  
  114  7:55  Photon Cannon, High Templar  
  114  7:57  Protoss Ground Weapons Level 1 (Chrono Boost)  
  114  7:58  Gateway  
  116  8:07  Stalker  
  116  8:12  Probe x3  
  121  8:17  Nexus  
  121  8:18  High Templar  
  123  8:24  Probe  
  124  8:27  Robotics Bay  
  124  8:29  Pylon  
  124  8:30  Pylon  
  124  8:32  Zealot x4  
  132  8:36  Pylon  
  130  8:43  Observer (Chrono Boost)  
  130  8:44  Robotics Facility  
  130  8:46  Observer  
  131  8:48  Pylon  
  131  8:50  Stalker x2  
  131  8:52  Zealot x2  
  137  9:03  Probe x2  
  137  9:04  Shield Battery  
  137  9:05  Zealot  
  137  9:06  Photon Cannon  
  141  9:12  Zealot x3  
  145  9:17  Probe x3  
  145  9:20  Forge  
  145  9:23  Observer  
  147  9:25  Colossus (Chrono Boost)  
  147  9:29  Extended Thermal Lance (Chrono Boost)  
  153  9:32  Colossus (Chrono Boost)  
  159  9:38  Probe  
  159  9:40  Probe x2  
  162  9:51  Gateway  
  162  9:52  Gateway  
  160  9:55  Protoss Ground Armor Level 1 (Chrono Boost)  
  160  10:03  Protoss Ground Weapons Level 2 (Chrono Boost)  
  160  10:05  Colossus (Chrono Boost)  
  160  10:10  Zealot x2  
  160  10:11  Zealot x2  
  160  10:12  Probe  
  175  10:18  Pylon  
  175  10:19  Pylon  
  175  10:20  Pylon  
  175  10:27  Archon  
  175  10:33  Colossus (Chrono Boost), Zealot  
  177  10:36  Zealot x2  
  183  10:42  Zealot x2  
  183  10:43  Zealot x3  
  183  10:44  Observer  
  183  10:46  Nexus  
  183  10:49  Pylon  
  193  10:56  Dark Shrine  
  193  10:58  Stalker x3  
  193  11:22  Archon  
  193  11:23  Zealot x4  
  193  11:25  Stalker x5  
  181  11:26  Disruptor x2  
  167  11:35  High Templar  
  167  11:42  Observer  
  167  11:44  Zealot  
  167  11:45  Zealot x3  
  172  11:48  Zealot x4  
  172  11:49  Zealot  
  182  11:58  Shadow Stride, Probe  
  182  11:59  Probe  
  182  12:01  Assimilator  
  182  12:02  Warp Prism (Chrono Boost), Disruptor (Chrono Boost)  
  182  12:05  Protoss Ground Armor Level 2 (Chrono Boost)  
  182  12:07  Assimilator  
  186  12:25  Zealot x4  
  186  12:26  Protoss Ground Weapons Level 3 (Chrono Boost), High Templar  
  194  12:34  Disruptor (Chrono Boost)  
  194  12:35  Gravitic Boosters  
  194  12:37  Observer (Chrono Boost)  
  198  12:38  High Templar  
  200  12:49  Observer  
  191  12:53  Zealot x4  
  191  12:54  Zealot  
  197  13:06  Disruptor  
  190  13:20  Dark Templar x6  
  190  13:26  Photon Cannon  
  190  13:27  Photon Cannon  
  190  13:29  Pylon  
  190  13:31  Shield Battery  
  190  13:32  Gravitic Drive, Dark Templar x4  
  196  13:34  Observer  
  194  13:43  Disruptor  
  197  13:49  Assimilator  
  197  13:50  Pylon  
  197  13:51  Assimilator  
  197  14:02  Observer  
  197  14:09  Disruptor  
  171  14:13  Zealot  
  171  14:14  Zealot x6  
  171  14:15  Protoss Ground Armor Level 3 (Chrono Boost)  
  188  14:19  Disruptor  
  191  14:26  Stalker x3  
  191  14:29  Nexus  
  195  14:33  Photon Cannon  
  195  14:35  Photon Cannon  
  193  14:38  Shield Battery  
  193  14:41  Pylon, Zealot x3  
  195  14:55  Stargate  
  195  14:56  Stargate  
  195  14:57  Stargate  
  193  15:00  Warp Prism  
  193  15:05  Shield Battery  
  195  15:07  Shield Battery  
  195  15:09  Photon Cannon  
  195  15:12  Photon Cannon, Protoss Air Weapons Level 1 (Chrono Boost)  
  188  15:34  Protoss Shields Level 1 (Chrono Boost)  
  188  15:36  Assimilator  
  188  15:37  Assimilator  
  188  15:40  Pylon  
  188  15:41  Observer x2  
  190  15:48  Photon Cannon  
  190  15:50  Gateway x2  
  190  15:52  Gateway  
  190  15:56  Fleet Beacon, Gateway  
  190  15:57  Pylon  
  190  15:58  Gateway  
  190  16:00  Gateway  
  190  16:01  Gateway  
  190  16:05  Dark Templar x4  
  196  16:22  Observer  
  197  16:27  Cybernetics Core  
  197  16:28  Stargate  
  193  16:37  Observer  
  191  16:41  Observer  
  191  16:42  Dark Templar x4  
  192  17:07  Nexus  
  186  17:08  Pylon  
  186  17:11  Tempest x2  
  186  17:12  Tempest  
  192  17:18  Assimilator x2  
  192  17:20  Observer  
  192  17:21  Observer  
  193  17:29  Dark Templar x3  
  195  17:49  Shield Battery  
  195  17:51  Stalker, Shield Battery  
  197  17:53  Photon Cannon  
  192  18:09  Tempest x2  
  198  18:19  Stalker x3  
  188  18:34  Nexus  
  186  18:41  Nexus  
  191  18:44  Pylon  
  189  18:57  Dark Templar  
  189  18:58  Zealot x3  
  175  19:14  Stalker x5  
  175  19:15  High Templar x4  
  175  19:16  High Templar x4  
  184  19:17  High Templar x4  
  184  19:19  Archon x2  
  184  19:20  Archon x2  
  184  19:21  Archon x2  
  192  19:33  Disruptor x2  
  196  19:43  Zealot  
  196  19:44  Zealot x4  
  132  19:51  Stalker  
  132  19:52  Stalker x11  
  128  20:04  Dark Templar x2  
  128  20:05  Dark Templar x2  
  127  20:13  Stalker  
  128  20:19  Dark Templar x2  
  130  20:27  Dark Templar x2  
  134  20:34  Disruptor (Chrono Boost)  
  137  20:36  Dark Templar  
  139  20:45  Observer  
  130  20:52  Disruptor (Chrono Boost)  
  130  20:55  High Templar x3  
  130  20:56  High Templar x5, Observer  
  143  21:01  Archon x2  
  143  21:02  Archon x2  
  143  21:03  Stalker x2  
  147  21:06  Disruptor (Chrono Boost)  
  150  21:13  Observer  
  150  21:20  Nexus  
  150  21:23  Zealot  
  150  21:25  Disruptor (Chrono Boost)  
  152  21:30  Disruptor (Chrono Boost)  
  155  21:44  Dark Templar x2  
  159  21:51  Zealot x6  
  171  21:57  Observer (Chrono Boost)  
  171  21:59  Disruptor (Chrono Boost)  
  175  22:13  Stalker x5  
  177  22:24  Probe  
  177  22:25  Probe  
  177  22:30  Zealot x3  
  167  22:46  Stalker x5  
  171  22:52  Disruptor  
  134  23:07  Zealot  
  134  23:08  Zealot x11  
  161  23:16  Zealot x5  
  141  23:32  Stalker x5, Zealot x3  

Tags
 
Add a new tag
Caveats
  • Supply blocks, unpowered buildings, or Contaminate may cause inaccurate times.
  • Supply counts are checked every 10 seconds.